 Dungeon Crawl Stone Soup version 0.27.1-35-g4d5d836560 (webtiles) character file.

Game seed: 14272832199379223086

403 Delamore the Covert (level 6, -7/39 HPs)
             Began as an Octopode Brigand on Mar 8, 2022.
             Mangled by a black bear (9 damage)
             ... on level 4 of the Dungeon.
             The game lasted 00:02:50 (3657 turns).

Delamore the Covert (Octopode Brigand)              Turns: 3657, Time: 00:02:51

Health: -7/39      AC:  1    Str: 10    XL:     6   Next: 86%
Magic:  6/6        EV: 13    Int: 13    God:
Gold:   176        SH:  0    Dex: 16    Spells: 5/5 levels left

rFire    . . .     SeeInvis .   a - +2 dagger
rCold    . . .     Faith    .   (no shield)
rNeg     . . .     Spirit   .   (helmet restricted)
rPois    .         Reflect  .   (no amulet)
rElec    .         Harm     .   (no ring)
rCorr    .         Rampage  .   (no ring)
Will     .....                  (no ring)
Stlth    +++++.....             (no ring)
HPRegen  0.13/turn              (no ring)
MPRegen  0.10/turn              (no ring)
                                (no ring)
                                (no ring)

@: no status effects
A: almost no armour, amphibious, 8 rings, camouflage 1, gelatinous body 1,
(nimble swimmer 1), tentacles
a: no special abilities


You were on level 4 of the Dungeon.
You visited 1 branch of the dungeon, and saw 5 of its levels.

You collected 176 gold pieces.

Inventory:

Hand Weapons
 a - a +2 dagger (weapon)
Missiles
 b - 3 poisoned darts (quivered)
 c - 2 curare-tipped darts
Scrolls
 e - a scroll of fear {unknown}
 f - a scroll of teleportation
 i - a scroll of vulnerability {unknown}
 k - a scroll of identify {unknown}
 l - a scroll of enchant weapon {unknown}
Potions
 d - a potion of attraction {unknown}
 g - a potion of magic {unknown}
 h - 3 potions of haste {unknown}
 j - a potion of curing {unknown}
 m - a potion of might {unknown}
 n - a potion of resistance {unknown}


   Skills:
 - Level 2.0 Fighting
 + Level 4.3 Short Blades
 - Level 2.0 Throwing
 - Level 1.0 Dodging
 * Level 9.6 Stealth


You had 5 spell levels left.
You didn't know any spells.
Your spell library was empty.

Dungeon Overview and Level Annotations

Branches:
Dungeon (5/15)
 Temple: D:4-7

Altars:
Nemelex Xobeh
Trog
Yredelemnul

Annotations:
D:3 Grinder


Innate Abilities, Weirdness & Mutations

You cannot wear most types of armour.
You are amphibious.
You can wear up to eight rings at the same time.
Your skin changes colour to match your surroundings (Stealth+).
Your rubbery body absorbs attacks. (AC +1, EV +1)
((You are camouflaged near water. (Stealth+)))
You have tentacles for arms and can constrict up to eight enemies at once.


Message History

The black bear looks even sicker.
You throw a poisoned dart. The poisoned dart hits the black bear.
The black bear looks as sick as possible!
You throw a poisoned dart. The poisoned dart hits the black bear.
The black bear is lightly wounded.
You throw a poisoned dart. The poisoned dart hits the black bear.
The black bear looks as sick as possible!
The black bear is lightly wounded.
You hit the black bear. You grab the black bear.
The black bear is lightly wounded.
You constrict the black bear, but do no damage.
The black bear closely misses you. x2; The black bear claws you.
You hit the black bear. You squeeze the black bear.
The black bear is moderately wounded.
You constrict the black bear, but do no damage.
You hit the black bear.
The black bear is heavily wounded.
You constrict the black bear. The black bear misses you.
The black bear claws you. The black bear closely misses you.
You hit the black bear but do no damage.
The black bear is severely wounded.
You constrict the black bear, but do no damage.
The black bear goes berserk!
You hit the black bear.
The black bear is severely wounded.
You constrict the black bear. The black bear misses you.
The black bear claws you. The black bear misses you.
You hit the black bear.
The black bear is almost dead.
You constrict the black bear. The black bear completely misses you.
The black bear claws you.
* * * LOW HITPOINT WARNING * * *
The black bear claws you.
* * * LOW HITPOINT WARNING * * *
You release your grip on the black bear.
The black bear barely misses you. x2; The black bear claws you.
* * * LOW HITPOINT WARNING * * *
The black bear rages.
The black bear bites you!
You die...

... #(# #.# .... ####(# #.#
..... ##.##(# #####.###
......####..(#(######.......###
.....((h(.(.).(...............+
........##.)[#.######.......###
o...P.P.###.##.# #.......#
....._..# ####h# #.......#
....P...# #@# #.......#
..#.....# #.# #.......# .
####..# #.# ####.#### #.## #.#
#.# ..# #.# ### #.# #.# #.


You could see a black bear (berserk, very poisoned).

Vanquished Creatures
  A black bear (D:4)
  A howler monkey (D:3)
  An orc priest (D:4)
  Jessica (D:2)
  An iguana (D:4)
  Natasha (twice) (D:2 D:1)
  An orc wizard (D:4)
  A hound skeleton (D:4)
  Robin (D:2)
  3 adders
  A worm (D:2)
  2 dart slugs
  2 orcs (D:4)
  An endoplasm (D:1)
  3 giant cockroaches
  12 goblins
  9 hobgoblins
  A jackal (D:5)
  3 kobolds
  6 quokkas
  5 ball pythons
  3 bats (D:3)
  2 frilled lizards (D:1)
  5 rats
68 creatures vanquished.

Vanquished Creatures (others)
  7 fungi (D:1)
  4 plants (D:1)
11 creatures vanquished.

Grand Total: 79 creatures vanquished

Notes
Turn   | Place    | Note
-------+----------+-------------------------------------------
     0 | D:1      | Delamore the Octopode Brigand began the quest for the Orb.
     0 | D:1      | Reached XP level 1. HP: 14/14 MP: 1/1
   330 | D:1      | Reached XP level 2. HP: 19/19 MP: 2/2
   593 | D:1      | Found a faded altar of an unknown god.
   604 | D:1      | Reached skill level 6 in Stealth
  1009 | D:1      | Reached XP level 3. HP: 24/24 MP: 3/3
  1077 | D:2      | Noticed Natasha
  1077 | D:2      | Noticed Jessica
  1080 | D:2      | Killed Jessica
  1089 | D:2      | Killed Natasha
  1090 | D:2      | Reached skill level 7 in Stealth
  1090 | D:2      | Reached XP level 4. HP: 12/29 MP: 4/4
  1092 | D:2      | Noticed Natasha
  1100 | D:1      | Killed Natasha
  1642 | D:2      | Noticed Robin
  1814 | D:2      | Killed Robin
  1815 | D:2      | Reached XP level 5. HP: 30/34 MP: 5/5
  2190 | D:2      | Reached skill level 8 in Stealth
  2596 | D:3      | Found a sparkling altar of Nemelex Xobeh.
  2838 | D:3      | Noticed Grinder
  2981 | D:4      | Reached XP level 6. HP: 39/39 MP: 6/6
  2990 | D:4      | Noticed a black bear
  3021 | D:5      | Entered Level 5 of the Dungeon
  3233 | D:4      | Reached skill level 9 in Stealth
  3369 | D:4      | Found a basalt altar of Yredelemnul.
  3473 | D:4      | Found a bloodstained altar of Trog.
  3475 | D:4      | Noticed a black bear
  3499 | D:4      | Killed a black bear
  3657 | D:4      | Mangled by a black bear

Illustrated notes

Levels and vault maps discovered:
D:1:      dpeg_arrival_fog, layout_loops_corners,
          shapermc_ecumenical_altar_mp_urbaneastern, st_stairs_11
D:2:      layout_loops_cross, kennysheep_cross_bottleneck, uniq_robin,
          uniq_natasha, uniq_jessica
D:3:      layout_rooms, mainiacjoe_overflow_alcove_2,
          mainiacjoe_overflow_small_starburst, serial_shops, shop, st_stairs_2,
          uniq_grinder
D:4:      layout_loops_corners, mainiacjoe_overflow_surrounded_room,
          trog_ov_bears_minmay, grunt_temple_overflow_diamond
D:5:      layout_basic, mainiacjoe_overflow_divided_tiny, grunt_decor_resistance

Skill      XL: |  1  2  3  4  5  6 |
---------------+-------------------+-----
Stealth        | 6 7 8 9 |  9.6
Short Blades   | 3 4 |  4.3
Fighting       | |  2.0
Throwing       | |  2.0
Dodging        | |  1.0

Action                   |  1- 3 |  4- 6 || total
-------------------------+-------+-------++-------
Melee: Dagger            |    42 |   110 ||   152
       Constrict         |     9 |    27 ||    36
       Tentacles         |     7 |    20 ||    27
Throw: Dart              |       |    16 ||    16
  Use: Scroll            |       |     2 ||     2
 Stab: Sleeping          |    11 |    12 ||    23
Armor: Skin              |     1 |     5 ||     6
Dodge: Dodged            |    14 |    64 ||    78
